 Dungeon Crawl Stone Soup version 0.25-a0-842-g81a31cf (webtiles) character file.

Game seed: 11000239100977433946, levelgen mode: deterministic

400 Econoterrorist the Spear-Bearer (level 6, -1/69 HPs)
             Began as a Merfolk Skald on Apr 25, 2020.
             Shot with an arrow by a centaur (5 damage)
             ... on level 5 of the Dungeon.
             The game lasted 00:11:46 (3736 turns).

Econoterrorist the Spear-Bearer (Merfolk Skald)     Turns: 3736, Time: 00:11:47

Health: -1/69      AC:  5    Str: 11    XL:     6   Next: 84%
Magic:  9/9        EV: 13    Int: 14    God:
Gold:   101        SH:  0    Dex: 14    Spells: 1/9 levels left

rFire    . . .     SeeInvis .   a - +0 spear
rCold    . . .     Gourm    .   (no shield)
rNeg     . . .     Faith    .   b - +0 leather armour
rPois    +         Spirit   .   (no helmet)
rElec    .         Reflect  .   l - +1 cloak {rPois}
rCorr    .         Harm     .   (no gloves)
MR       .....                  (no boots)
Stlth    ..........             (no amulet)
HPRegen  0.21/turn              (no ring)
MPRegen  0.11/turn              (no ring)

@: berserking, very quick
A: change form in water, swift swim, stealthy swim
a: no special abilities


You were on level 5 of the Dungeon.
You were not hungry.

You visited 1 branch of the dungeon, and saw 4 of its levels.

You collected 101 gold pieces.

Inventory:

Hand Weapons
 a - a +0 spear (weapon)
Armour
 b - a +0 leather armour (worn)
 l - a +1 cloak of poison resistance (worn)
Wands
 i - a wand of digging (5)
Scrolls
 e - a scroll of identify
 h - 2 scrolls of immolation
Potions
 g - a potion of might
 m - a potion of flight {unknown}
 n - a potion of degeneration {unknown}
 o - a potion of mutation {unknown}
Comestibles
 d - 7 rations
 q - 15 chunks of flesh


   Skills:
 - Level 2.8 Fighting
 - Level 8.8 Polearms
 - Level 0.6 Armour
 - Level 3.3 Dodging
 - Level 2.0 Spellcasting
 + Level 1.2 Hexes
 + Level 3.6 Charms
 + Level 1.3 Ice Magic


You had one spell level left.
You knew the following spells:

 Your Spells              Type           Power        Failure   Level  Hunger
b - Song of Slaying       Chrm           ##......     11%         2    ###....
c - Ozocubu's Armour      Chrm/Ice       #.......     32%         3    ####...
d - Spectral Weapon       Hex/Chrm       #.......     34%         3    ####...

Your spell library contained the following spells:

 Spells                   Type           Power        Failure   Level  Hunger
 Infusion                 Chrm           ##..         7%          1    ##.....
 Shroud of Golubria       Chrm/Tloc      #.....       22%         2    ###....


Dungeon Overview and Level Annotations

Branches:
Dungeon (3/15)

Altars:
Ashenzari
Dithmenos
Gozag
Kikubaaqudgha
The Shining One


Message History

You see here a jackal corpse.
You butcher the jackal corpse.
q - 18 chunks of flesh (gained 2)
You see here a jackal skeleton.
You start resting.
You feel a little less mighty now.
You start resting.
Some of the chunks of flesh in your inventory have rotted away.
The centaur is too close now for your liking.
The centaur shouts!
The centaur shoots an arrow.
The arrow hits you!
* * * LOW HITPOINT WARNING * * *
The centaur shoots an arrow.
The arrow hits you!
* * * LOW HITPOINT WARNING * * *
You see here 2 arrows.
It was a potion of berserk rage.
A red film seems to cover your vision as you go berserk!
You feel yourself moving faster!
You feel mighty!
The centaur shoots an arrow.
The arrow hits you.
You die...

##### . #...#
..#########@..#
.......)..#(..#...
.......))รท.........
...................
...................
...................
..........'####....
..........c# ....
.##.......?. ...


You could see a centaur.

Vanquished Creatures
  A phantom (D:5)
  An ogre (D:2)
  Crazy Yiuf (D:2)
  Terence (D:3)
  Jessica (D:3)
  Ijyb (D:3)
  4 adders
  A dart slug (D:1)
  4 worms (D:2)
  5 orcs (D:5)
  A ball python (D:3)
  6 bats
  2 giant cockroaches (D:2)
  11 goblins
  3 hobgoblins
  4 jackals (D:5)
  10 kobolds
  2 quokkas
  17 frilled lizards
  9 rats
85 creatures vanquished.

Notes
Turn   | Place    | Note
-------+----------+-------------------------------------------
     0 | D:1      | Econoterrorist the Merfolk Skald began the quest for the
                  | Orb.
     0 | D:1      | Reached XP level 1. HP: 16/16 MP: 3/3
   191 | D:1      | Reached skill level 4 in Polearms
   191 | D:1      | Reached XP level 2. HP: 22/22 MP: 5/5
   286 | D:1      | Learned a level 2 spell: Song of Slaying
   785 | D:1      | Reached skill level 5 in Polearms
   785 | D:1      | Reached XP level 3. HP: 24/27 MP: 6/6
  1730 | D:2      | Reached skill level 6 in Polearms
  1780 | D:2      | Learned a level 3 spell: Ozocubu's Armour
  1866 | D:2      | Reached XP level 4. HP: 33/33 MP: 7/7
  1927 | D:2      | Noticed an ogre
  2008 | D:2      | Killed an ogre
  2008 | D:2      | Reached skill level 7 in Polearms
  2008 | D:2      | Reached XP level 5. HP: 20/38 MP: 5/8
  2418 | D:2      | Found a runed translucent door.
  2419 | D:2      | Noticed Crazy Yiuf
  2431 | D:2      | Killed Crazy Yiuf
  2431 | D:2      | Reached skill level 8 in Polearms
  2813 | D:3      | Found an ancient bone altar of Kikubaaqudgha.
  2817 | D:3      | Found a shadowy altar of Dithmenos.
  2819 | D:3      | Found a glowing golden altar of the Shining One.
  2819 | D:3      | Noticed Ijyb
  2820 | D:3      | Found an opulent altar of Gozag.
  2847 | D:3      | Killed Ijyb
  3099 | D:3      | Noticed Terence
  3149 | D:3      | Killed Terence
  3149 | D:3      | Reached XP level 6. HP: 28/46 MP: 5/9
  3556 | D:3      | Noticed Jessica
  3568 | D:3      | Killed Jessica
  3580 | D:3      | Learned a level 3 spell: Spectral Weapon
  3585 | D:3      | You fall into a shaft and drop 2 floors!
  3585 | D:5      | Entered Level 5 of the Dungeon
  3585 | D:5      | Found a shattered altar of Ashenzari.
  3620 | D:5      | HP: 2/46 [giant cockroach (2)]
  3621 | D:5      | Noticed a phantom
  3653 | D:5      | Killed a phantom
  3653 | D:5      | Reached skill level 1 in Hexes
  3653 | D:5      | Reached skill level 1 in Ice Magic
  3734 | D:5      | HP: 2/46 [centaur/arrow (11)]
  3736 | D:5      | Shot with an arrow by a centaur

Levels and vault maps discovered:
D:1:      dpeg_arrival_snail, layout_loops_ring, minivault_25,
          roderic_roman_lattice, minmay_misc_feat_square, minmay_lizard_pond
D:2:      layout_basic, uniq_crazy_yiuf_cottage
D:3:      layout_loops_ring, grunt_temple_overflow_open, first_ration,
          uniq_terence, uniq_ijyb, uniq_jessica
D:5:      layout_basic, kennysheep_little_box, ashenzari_conservatory_becter,
          lemuel_round_altar

Skill      XL: |  1  2  3  4  5  6 |
---------------+-------------------+-----
Polearms       | 4 5 6 7 8 |  8.8
Dodging        | 3 |  3.3
Hexes          | 1 |  1.2
Ice Magic      | 1 |  1.3
Fighting       | |  2.8
Armour         | |  0.6
Spellcasting   | |  2.0
Charms         | |  3.6

Action                   |  1- 3 |  4- 6 || total
-------------------------+-------+-------++-------
Melee: Spear             |   185 |   249 ||   434
 Cast: Song of Slaying   |     2 |     2 ||     4
       Infusion          |     1 |     1 ||     2
       Ozocubu's Armour  |       |     3 ||     3
  Use: Scroll            |       |     4 ||     4
       Potion            |       |     4 ||     4
 Stab: Sleeping          |     2 |     1 ||     3
       Distracted        |       |     1 ||     1
  Eat: Chunk             |     3 |     7 ||    10
Armor: Leather armour    |    33 |    59 ||    92
Dodge: Dodged            |    75 |   115 ||   190

Table legend:
 A = Non-vault XP
 B = Vault XP
 C = Vault XP percentage of total XP
 D = Non-vault monster count
 E = Vault monster count
 F = Vault count percentage of total count
                 A         B        C        D         E       F
            +---------+---------+-------+---------+---------+-------
      Total |     410 |     162 |  28.3 |      72 |      13 |  15.3
            +---------+---------+-------+---------+---------+-------
        D:1 |      33 |       9 |  21.4 |      22 |       9 |  29.0
        D:2 |     172 |      42 |  19.6 |      26 |       1 |   3.7
        D:3 |      58 |     111 |  65.7 |      14 |       3 |  17.6
        D:5 |     147 |       0 |   0.0 |      10 |       0 |   0.0
            +---------+---------+-------+---------+---------+-------
